 Dungeon Crawl Stone Soup version 0.29-a0-72-g1732ff48e7 (webtiles) character file.

Game seed: 1536586702226759077

17455 robertstho the Grappler (level 12, -8/109 HPs)
             Began as a Troll Delver on Feb 2, 2022.
             Was a Priest of Qazlal.
             Mangled by a minotaur (20 damage)
             ... in a Gauntlet on Feb 3, 2022.
             The game lasted 00:23:16 (9354 turns).

robertstho the Grappler (Troll Delver)              Turns: 9354, Time: 00:23:17

Health: -8/109     AC:  8    Str: 33    XL:     12   Next: 19%
Magic:  13/16      EV: 11    Int:  6    God:    Qazlal [***...]
Gold:   502        SH:  4    Dex: 11    Spells: 11/11 levels left

rFire   . . .      SeeInvis .   a - +8 mithril axe "Arga" {speed, Will+}
rCold   . . .      Faith    .   (no shield)
rNeg    . . .      Spirit   .   s - +0 troll leather armour
rPois   .          Reflect  .   (helmet restricted)
rElec   .          Harm     .   I - +1 cloak
rCorr   +          Rampage  .   (gloves unavailable)
Will    +....      NoTele   +   (boots unavailable)
Stlth   ++........              C - amulet of the acrobat
HPRegen 1.88/turn               G - ring of resist corrosion
MPRegen 0.15/turn               m - +6 ring of strength

@: hasted, studying Unarmed Combat, invisible, very quick
A: large, unfitting armour, claws 3, regeneration 1, shaggy fur 1, tough skin 1
a: Renounce Religion, Upheaval, Elemental Force


You were in a Gauntlet.
You worshipped Qazlal.
Qazlal was most pleased with you.
You visited 2 branches of the dungeon, and saw 13 of its levels.
You also visited: Bailey and Gauntlet.

You collected 667 gold pieces.
You spent 165 gold pieces at shops.

Inventory:

Hand Weapons
 a - the +8 mithril axe "Arga" (weapon) {speed, Will+}
   (You found it in a Gauntlet)

   Attacks with this weapon are significantly faster.
   Will:      It increases your willpower.
 E - a +1 vampiric broad axe
Armour
 s - a +0 troll leather armour (worn)
 I - a +1 cloak (worn)
Jewellery
 i - a ring of willpower
 k - a ring of protection from cold
 m - a +6 ring of strength (right claw)
 p - a ring of magical power
 r - a ring of fire
 x - a +4 ring of evasion
 B - a +4 ring of evasion
 C - an amulet of the acrobat (around neck)
 G - a ring of resist corrosion (left claw)
Wands
 f - a wand of digging (16)
 q - a wand of polymorph (2)
 u - a wand of flame (22)
 y - a wand of iceblast (10)
 F - a wand of paralysis (6)
Scrolls
 b - 3 scrolls of fog
 c - 2 scrolls of magic mapping
 d - 3 scrolls of fear
 e - 4 scrolls of teleportation
 n - 4 scrolls of blinking
 w - 2 scrolls of holy word
 D - 2 scrolls of enchant weapon
 J - a scroll of enchant armour {unknown}
Potions
 g - a potion of resistance
 h - 4 potions of curing
 j - a potion of haste
 l - 2 potions of might
 o - 2 potions of attraction
 t - a potion of cancellation {unknown}
 z - 3 potions of mutation
 A - a potion of magic {unknown}
 H - a potion of flight {unknown}


   Skills:
 + Level 4.6 Fighting
 + Level 3.2 Armour
 + Level 6.1 Dodging
 - Level 4.0 Stealth
 + Level 2.5 Shields
 + Level 14.1 Unarmed Combat
 * Level 7.1 Invocations
 * Level 6.0 Evocations


You had 11 spell levels left.
You didn't know any spells.
Your spell library contained the following spells:

 Spells                   Type           Power      Damage    Failure   Level
 Blink                    Tloc           0%         N/A       63%         2
 Gell's Gravitas          Tloc           0%         N/A       86%         3
 Lesser Beckoning         Tloc           0%         N/A       86%         3
 Teleport Other           Tloc           0%         N/A       86%         3
 Freezing Cloud           Conj/Ice/Air   0%         6-21      100%        5
 Manifold Assault         Tloc           0%         N/A       100%        5
 Simulacrum               Ice/Necr       0%         N/A       100%        6
 Polar Vortex             Ice            0%         N/A       100%        9


Dungeon Overview and Level Annotations

Branches:
Dungeon (12/15)            Temple (1/1) D:5            Lair (0/6) D:11
    Orc (0/2) D:11         Bailey (visited)         Gauntlet (1/1)

Altars:
Ashenzari
Cheibriados
Dithmenos
Elyvilon
Fedhas
Gozag
Hepliaklqana
Kikubaaqudgha
Makhleb
Nemelex Xobeh
Okawaru
Qazlal
Ru
Sif Muna
Trog
Uskayaw
Vehumet
Wu Jian
Xom
Yredelemnul
Zin
The Shining One

Shops:
D:1 [   D:4 =   D:5 !?   D:8 :   D:9 [

Portals:
Trove: D:11 (give 8 potions of haste)

Annotations:
Gauntlet 6 transporters, 21 runed translucent doors


Innate Abilities, Weirdness & Mutations

You are too large for most types of armour.
You have claws for hands.
Your natural rate of healing is unusually fast.
You are covered in fur. (AC +1)
You have tough skin. (AC +1)


Message History

You block the minotaur's attack. The minotaur closely misses you.
You barely miss the minotaur.
The minotaur furiously retaliates!
The minotaur headbutts you.
The minotaur is lightly wounded.
You barely miss the minotaur.
The minotaur furiously retaliates!
The minotaur headbutts you.
The minotaur is lightly wounded.
The minotaur closely misses you.
The minotaur gores you but does no damage.
You hit the minotaur.
The minotaur is moderately wounded.
The minotaur barely misses you. The minotaur gores you!
You hit the minotaur.
The minotaur is moderately wounded.
You slash the minotaur!
The minotaur is moderately wounded.
The minotaur hits you with a +4 vampiric scimitar!!
The minotaur draws strength from your wounds!
The minotaur gores you!
You slash the minotaur!
The minotaur is moderately wounded.
You block the minotaur's attack.
The minotaur gores you but does no damage.
You closely miss the minotaur.
The minotaur furiously retaliates!
The minotaur headbutts you!
The minotaur is moderately wounded.
The minotaur closely misses you. The minotaur gores you.
You barely miss the minotaur.
The minotaur furiously retaliates!
The minotaur headbutts you, but does no damage.
The minotaur is moderately wounded.
You slash the minotaur!
The minotaur is heavily wounded.
The minotaur hits you with a +4 vampiric scimitar!!
* * * LOW HITPOINT WARNING * * *
The minotaur draws strength from your wounds!
The minotaur gores you!
* * * LOW HITPOINT WARNING * * *
You fade into invisibility!
The minotaur hits you with a +4 vampiric scimitar!!
You die...

..#..[|©$..9#..##.#©#.##..##
..###########..#########..≈#
..............∩...........##
§§........................≈#
#§#≈#§#§#≈########≈#§#≈#≈###
###########.©..©.#########
###......#####
........○....#
........@....#
#.###.###H#### # #. #.# ..
... .## .###. .. .. .# ## H#
# #. .


You could see a minotaur.

Vanquished Creatures
  A hydra (D:11)
  A boulder beetle (D:11)
  3 two-headed ogres
  2 thrashing horrors (Gauntlet)
  2 oklob plants (D:11)
  An orc sorcerer (Bailey)
  An orc knight (Bailey)
  An ugly thing (D:11)
  A shining eye (Gauntlet)
  A kobold demonologist (Bailey)
  A troll (D:9)
  A queen bee (Gauntlet)
  A vampire (D:11)
  A wyvern (D:8)
  4 shadows
  2 wraiths (D:11)
  Eustachio (D:6)
  16 yaks
  A golden eye (Gauntlet)
  A steam dragon (D:9)
  3 vampire mosquitoes (D:12)
  Menkaure (D:5)
  2 water moccasins
  A hornet zombie (D:6)
  12 orc warriors
  3 ogres
  5 centaurs
  2 phantoms
  3 kobold brigands
  A bullfrog (D:7)
  A gnoll sergeant (D:10)
  A water moccasin zombie (D:6)
  A water moccasin skeleton (D:4)
  5 killer bees (Gauntlet)
  4 wights (D:10)
  A howler monkey (D:10)
  5 electric eels (Bailey)
  4 centaur zombies
  A bullfrog zombie (D:6)
  A bullfrog skeleton (D:6)
  Crazy Yiuf (D:7)
  3 orc priests
  3 jellies
  2 gnoll shamans
  13 orc wizards
  3 small abominations (Gauntlet)
  A hound zombie (D:3)
  6 ogre zombies (D:11)
  2 howler monkey zombies
  3 adders
  11 gnolls
  A white imp (D:5)
  An ufetubus (D:3)
  An adder skeleton (D:4)
  32 orcs
  3 endoplasms
  2 giant cockroaches
  10 hobgoblins
  2 quokkas
  4 ball pythons
  A bat (D:1)
  A frilled lizard (D:2)
  9 goblins
  A goblin zombie (D:11)
  A hobgoblin skeleton (D:11)
  A hobgoblin zombie (D:11)
  14 kobolds
  3 orc skeletons (D:11)
  13 orc zombies (D:11)
  5 rats
253 creatures vanquished.

Vanquished Creatures (collateral kills)
  An orc knight (Bailey)
  Maurice (D:10)
  4 orcs (Bailey)
  A hobgoblin (Bailey)
7 creatures vanquished.

Vanquished Creatures (others)
  A plant (D:11)
1 creature vanquished.

Grand Total: 261 creatures vanquished

Notes
Turn   | Place    | Note
-------+----------+-------------------------------------------
     0 | D:5      | robertstho the Troll Delver began the quest for the Orb.
     0 | D:5      | Reached XP level 1. HP: 22/22 MP: 0/0
     2 | D:5      | Found Tueritoq's Magic Scroll Boutique.
    16 | D:5      | Noticed an orc wizard
    19 | D:5      | Noticed an orc wizard
    38 | D:5      | Noticed a phantom
   129 | D:3      | Reached XP level 2. HP: 28/29 MP: 1/1
   514 | D:1      | Found Omeax's Antique Armour Boutique.
   623 | D:1      | Reached XP level 3. HP: 36/36 MP: 2/2
   703 | D:1      | Found a faded altar of an unknown god.
   927 | D:2      | Found a snail-covered altar of Cheibriados.
  1127 | D:2      | You fall into a shaft and drop 2 floors!
  1141 | D:4      | Reached XP level 4. HP: 26/44 MP: 3/3
  1161 | D:4      | Found Bapaigukh's Jewellery Shop.
  1299 | D:4      | Noticed an ogre
  2322 | D:3      | Reached skill level 3 in Unarmed Combat
  2324 | D:3      | Reached XP level 5. HP: 50/52 MP: 4/4
  2531 | D:4      | Killed an ogre
  2784 | D:5      | Noticed Menkaure
  2789 | D:5      | Killed Menkaure
  2790 | D:5      | Reached skill level 4 in Unarmed Combat
  2790 | D:5      | Reached XP level 6. HP: 50/59 MP: 5/5
  2819 | D:5      | Found a staircase to the Ecumenical Temple.
  2873 | Temple   | Entered the Ecumenical Temple
  3061 | Temple   | Became a worshipper of Qazlal Stormbringer
  3168 | D:5      | Found Gonipheo's Distillery.
  3175 | D:5      | Bought a potion of invisibility for 88 gold pieces
  3175 | D:5      | Bought a potion of might for 44 gold pieces
  3175 | D:5      | Bought a potion of attraction for 33 gold pieces
  3202 | D:5      | Reached skill level 5 in Unarmed Combat
  3202 | D:5      | Reached XP level 7. HP: 66/66 MP: 6/6
  3344 | D:5      | Reached skill level 1 in Invocations
  3344 | D:5      | Reached skill level 1 in Evocations
  3779 | D:6      | Reached skill level 6 in Unarmed Combat
  3986 | D:6      | Noticed Eustachio
  4001 | D:6      | Killed Eustachio
  4002 | D:6      | Reached XP level 8. HP: 37/75 MP: 8/8
  4094 | D:6      | Reached * piety under Qazlal
  4148 | D:6      | Reached skill level 7 in Unarmed Combat
  4626 | D:7      | Found an iron altar of Okawaru.
  5002 | D:7      | Found a runed translucent door.
  5003 | D:7      | Noticed Crazy Yiuf
  5009 | D:7      | Killed Crazy Yiuf
  5124 | D:8      | Noticed a two-headed ogre
  5149 | D:8      | Killed a two-headed ogre
  5150 | D:8      | Reached skill level 8 in Unarmed Combat
  5150 | D:8      | Reached XP level 9. HP: 34/84 MP: 10/10
  5581 | D:8      | Noticed a two-headed ogre
  5587 | D:8      | Killed a two-headed ogre
  5588 | D:8      | Reached skill level 9 in Unarmed Combat
  5603 | D:8      | Found Bemponk's Book Emporium.
  5679 | D:8      | Reached ** piety under Qazlal
  5889 | D:9      | Reached XP level 10. HP: 86/92 MP: 12/12
  5944 | D:9      | Found Meucih's Antique Armour Shoppe.
  6100 | D:9      | Reached skill level 1 in Shields
  6100 | D:9      | Reached skill level 10 in Unarmed Combat
  6154 | D:9      | Found a flagged portal.
  6173 | Bailey   | Entered a bailey
  6280 | Bailey   | Noticed an orc knight
  6311 | Bailey   | Killed an orc knight
  6312 | Bailey   | Reached skill level 5 in Dodging
  6312 | Bailey   | Reached skill level 5 in Invocations
  6337 | Bailey   | Noticed an orc sorcerer
  6341 | Bailey   | Noticed an orange demon
  6348 | Bailey   | Killed an orc sorcerer
  6349 | Bailey   | Reached skill level 1 in Armour
  6404 | Bailey   | Reached *** piety under Qazlal
  6625 | Bailey   | Found an iron altar of Okawaru.
  6625 | Bailey   | Noticed an orc knight
  6627 | Bailey   | Noticed an orange demon
  6671 | Bailey   | Killed an orc knight
  6689 | Bailey   | Reached skill level 11 in Unarmed Combat
  6703 | Bailey   | Identified the +2 robe "Iskef" {Rampage Slay+3}
  6983 | D:9      | Reached XP level 11. HP: 98/101 MP: 14/14
  7010 | D:9      | Reached skill level 5 in Evocations
  7447 | D:10     | Entered Level 10 of the Dungeon
  7716 | D:10     | Acquired a manual of Unarmed Combat
  7954 | D:11     | Noticed a cyan ugly thing
  7964 | D:11     | Killed a cyan ugly thing
  7985 | D:11     | Reached skill level 12 in Unarmed Combat
  8017 | D:11     | Noticed Maurice
  8027 | D:11     | Noticed a two-headed ogre
  8067 | D:10     | Killed Maurice
  8127 | D:11     | Killed a two-headed ogre
  8173 | D:11     | Noticed an oklob plant
  8177 | D:11     | Found a staircase to the Lair.
  8177 | D:11     | Noticed an oklob plant
  8251 | D:11     | Noticed a boulder beetle
  8267 | D:11     | Killed a boulder beetle
  8296 | D:11     | Found a staircase to the Orcish Mines.
  8431 | D:11     | Noticed a seven-headed hydra
  8461 | D:11     | Killed a ten-headed hydra
  8462 | D:11     | Reached skill level 13 in Unarmed Combat
  8537 | D:11     | Found a portal to a secret trove of treasure.
  8832 | D:11     | Killed an oklob plant
  8841 | D:11     | Killed an oklob plant
  8859 | D:11     | Upgraded the game from 0.29-a0-43-g62a80824bf to
                  | 0.29-a0-72-g1732ff48e7
  8877 | D:12     | Found a gate leading to a gauntlet.
  8887 | Gauntlet | Entered a Gauntlet
  8887 | Gauntlet | Found a transporter.
  8887 | Gauntlet | Found a transporter.
  8889 | Gauntlet | Noticed a soul eater
  8896 | Gauntlet | Noticed a shining eye
  8900 | Gauntlet | Found a transporter.
  8900 | Gauntlet | Found a transporter.
  8911 | Gauntlet | Found a transporter.
  8911 | Gauntlet | Found a transporter.
  8915 | Gauntlet | Noticed a thrashing horror
  8918 | Gauntlet | Noticed a thrashing horror
  8920 | Gauntlet | Found a transporter.
  8921 | Gauntlet | Found the +8 mithril axe "Arga" {speed, Will+}
  8937 | Gauntlet | Found a transporter.
  8939 | Gauntlet | Noticed a catoblepas
  8942 | Gauntlet | Found a transporter.
  8945 | Gauntlet | Found a transporter.
  8945 | Gauntlet | Noticed a tengu warrior
  8947 | Gauntlet | Found a runed translucent gate.
  8947 | Gauntlet | Found a runed translucent gate.
  8948 | Gauntlet | Found a large runed translucent door.
  8948 | Gauntlet | Found a large runed translucent door.
  8949 | Gauntlet | Found a large runed translucent door.
  8950 | Gauntlet | Found a large runed translucent door.
  8951 | Gauntlet | Found a large runed translucent door.
  8951 | Gauntlet | Found a large runed translucent door.
  8951 | Gauntlet | Found a runed translucent door.
  8952 | Gauntlet | Found a large runed translucent door.
  8953 | Gauntlet | Found a large runed translucent door.
  8955 | Gauntlet | Found a transporter.
  8956 | Gauntlet | Found a runed translucent gate.
  8956 | Gauntlet | Found a runed translucent door.
  8994 | Gauntlet | Found a large runed translucent door.
  8994 | Gauntlet | Found a large runed translucent door.
  8995 | Gauntlet | Found a large runed translucent door.
  8996 | Gauntlet | Found a large runed translucent door.
  8997 | Gauntlet | Found a large runed translucent door.
  8997 | Gauntlet | Found a large runed translucent door.
  8998 | Gauntlet | Found a large runed translucent door.
  8999 | Gauntlet | Found a large runed translucent door.
  9004 | Gauntlet | Found a transporter.
  9053 | Gauntlet | Killed a shining eye
  9054 | Gauntlet | Reached XP level 12. HP: 109/109 MP: 16/16
  9136 | Gauntlet | Reached **** piety under Qazlal
  9138 | Gauntlet | Reached skill level 14 in Unarmed Combat
  9332 | Gauntlet | Noticed a minotaur
  9354 | Gauntlet | Mangled by a minotaur

Illustrated notes

Levels and vault maps discovered:
D:1:      dpeg_arrival_stonehenge_8_columns, layout_loops_ring, serial_shops,
          nicolae_shop_hallway_stairs, dreamdust_ecumenical_altar_statues
D:2:      layout_basic, basic_altar
D:3:      layout_basic, serial_co_window_serial, co_window_corner_a,
          co_window_paths_a, co_window_paths_a, co_window_of_opportunity_a,
          co_window_paths_b, co_window_of_opportunity_a, co_window_corner_a,
          co_window_corner_a, co_window_of_opportunity_a,
          co_window_of_opportunity_b, co_window_unsneaky_path_e,
          co_window_unsneaky_path_b, co_window_of_opportunity_b,
          co_window_broadway_a, kennysheep_generic_room_3
D:4:      layout_loops_ring, serial_shops, shop, minmay_distorted
D:5:      layout_gridville, minmay_temple_entry_sparse_star, serial_shops, shop,
          shop, uniq_menkaure
D:6:      layout_cave_pods, uniq_eustachio
D:7:      layout_cave_pools, kennysheep_okawaru_gauntlet,
          uniq_crazy_yiuf_cottage
D:8:      kennysheep_spiral_hall, layout_basic, serial_shops, shop_fountains
D:9:      layout_basic, serial_shops, shop, enter_bailey_4, minivault_16
D:10:     layout_cross
D:11:     layout_rooms, dpeg_oklobed_lair, zombieorc1_lemuel,
          nicolae_trove_entry_crystal, uniq_maurice
D:12:     layout_loops_cross, serial_shops, nicolae_diamond_shop,
          gauntlet_entry_generic, uniq_jorgrun
Temple:   kilobyte_greek_temple
Gauntlet: minmay_gauntlet_mixed_big_or_small [gammafunk_gauntlet_arena_split_x,
          minmay_gauntlet_arena_77_box,
          minmay_gauntlet_arena_make_your_own_arena,
          minmay_gauntlet_arena_77_chump_sandwich,
          nicolae_gauntlet_arena_quarters, minmay_gauntlet_arena_77_checkered,
          gauntlet_exit_hidden_loot]

Skill      XL: |  1  2  3  4  5  6  7  8  9 10 11 12 |
---------------+-------------------------------------+-----
Stealth        | 3 4 |  4.0
Unarmed Combat | 3 4 5 6 8 9 11 13 14 | 14.1
Dodging        | 2 4 5 6 |  6.1
Fighting       | 3 4 |  4.6
Invocations    | 2 3 4 5 6 7 |  7.1
Evocations     | 1 3 4 5 6 |  6.0
Shields        | 1 2 |  2.5
Armour         | 2 3 |  3.2

Action                   |  1- 3 |  4- 6 |  7- 9 | 10-12 || total
-------------------------+-------+-------+-------+-------++-------
Melee: Unarmed           |    34 |    77 |   214 |   471 ||   796
       Punch             |       |     2 |     6 |    29 ||    37
       Broad axe         |       |       |       |     9 ||     9
Invok: Upheaval          |       |       |       |     2 ||     2
       Elemental Force   |       |       |       |     3 ||     3
Evoke: Wand              |       |       |       |     3 ||     3
  Use: Potion            |     1 |       |     4 |    12 ||    17
       Scroll            |     5 |     3 |     4 |     8 ||    20
 Stab: Sleeping          |     6 |     4 |     2 |       ||    12
       Paralysed         |       |       |       |     3 ||     3
       Invisible         |       |       |       |     2 ||     2
Armor: Robe              |    14 |    12 |    40 |     1 ||    67
       Troll leather arm |       |       |       |    76 ||    76
       Skin              |       |       |       |    10 ||    10
Dodge: Dodged            |    18 |    31 |   125 |   344 ||   518
Block: Other             |       |       |     9 |    80 ||    89

Table legend: (Time is in decaauts)
 A = Elapsed time spent in this place.
 B = Non-inter-level travel time spent in this place.
 C = Inter-level travel time spent in this place.
 D = Time resting spent in this place.
 E = Time spent auto-exploring this place.
 F = Levels seen in this place.
 G = Mean time per level.
                   A        B        C        D        E       F      G
               +--------+--------+--------+--------+--------+-----+--------+
         Total |   9186 |   8708 |    478 |    372 |   6186 |  15 |  612.4 |
       Dungeon |   7802 |   7366 |    436 |    174 |   5599 |  12 |  650.2 |
        Temple |    231 |    189 |     42 |      0 |    174 |   1 |  231.0 |
        Bailey |    722 |    722 |      0 |     27 |    284 |   1 |  722.0 |
      Gauntlet |    430 |    430 |      0 |    171 |    129 |   1 |  430.0 |
               +--------+--------+--------+--------+--------+-----+--------+

Top non-repeatable levels by time:
     D:3: 1094 daAuts
     D:6: 895 daAuts
     D:9: 813 daAuts
     D:8: 813 daAuts
    D:11: 812 daAuts
  Bailey: 722 daAuts
     D:4: 635 daAuts
     D:5: 610 daAuts
     D:1: 575 daAuts
    D:10: 563 daAuts
     D:7: 549 daAuts
Gauntlet: 430 daAuts
     D:2: 415 daAuts
  Temple: 231 daAuts
    D:12: 23 daAuts
